 Dungeon Crawl Stone Soup version 0.26-a0-812-g31a745ddcd (webtiles) character file.

Game seed: 12648651135420238856

9 Azzok the Chopper (level 2, 24/24 HPs)
             Began as a Demonspawn Berserker on Nov 15, 2020.
             Was a Follower of Trog.
             Quit the game on level 1 of the Dungeon.
             The game lasted 00:00:21 (176 turns).

Azzok the Chopper (Demonspawn Berserker)             Turns: 176, Time: 00:00:21

Health: 24/24      AC:  4    Str: 17    XL:     2   Next: 3%
Magic:  2/2        EV: 12    Int:  8    God:    Trog [*.....]
Gold:   31         SH:  0    Dex: 12    Spells: 1/1 levels left

rFire    . . .     SeeInvis .   a - +0 hand axe
rCold    . . .     Faith    .   (no shield)
rNeg     . . .     Spirit   .   b - +0 animal skin
rPois    .         Reflect  .   c - +1 helmet
rElec    .         Harm     .   (no cloak)
rCorr    .         Rampage  .   (no gloves)
MR       .....                  (no boots)
Stlth    +.........             (no amulet)
HPRegen  0.08/turn              (no ring)
MPRegen  0.08/turn              (no ring)

@: no status effects
A: claws 1
a: Berserk, Renounce Religion


You were on level 1 of the Dungeon.
You worshipped Trog.
Trog was aware of your devotion.
You visited 1 branch of the dungeon, and saw 1 of its levels.

You collected 31 gold pieces.

Inventory:

Hand Weapons
 a - a +0 hand axe (weapon)
Armour
 b - a +0 animal skin (worn)
 c - a +1 helmet (worn)


   Skills:
 - Level 3.0 Fighting
 + Level 3.2 Axes
 - Level 1.7 Armour
 - Level 1.7 Dodging


You had one spell level left.
You didn't know any spells.
Your spell library was empty.

Dungeon Overview and Level Annotations

Branches:
Dungeon (1/15)

Altars:


Innate Abilities, Weirdness & Mutations

You have sharp fingernails.


Message History

The kobold throws a stone.
The stone closely misses you.
You see here a stone.
A kobold is nearby!
A leopard gecko comes into view.
The leopard gecko hisses menacingly.
Found 18 poisoned darts and 7 gold pieces.
You miss the leopard gecko. You hit the kobold.
You kill the kobold!
Trog accepts your kill. The leopard gecko barely misses you.
The leopard gecko closely misses you.
You hit the leopard gecko.
You kill the leopard gecko!
Trog accepts your kill.
You have reached level 2!
You feel monstrous as your demonic heritage exerts itself.
Your demonic ancestry asserts itself...
Your fingernails lengthen.
Are you sure you want to abandon this character and quit the game? (Confirm with "yes".)
Okay, then.
Are you sure you want to abandon this character and quit the game? (Confirm with "yes".)

······▒···▒· ▒· ···
··········· ▒▒·▒ ▒·▒
·········▒ ···▒▒▒▒··
▒▒▒·········
▒▒▒······▒▒▒▒···········
····················▒···
··············▒)········
··········▒·····▒▒▒▒▒▒▒·
·······@··(·······▒▒▒▒··
······)▒▒▒·▒▒·▒·····▒··≈
······( ▒··▒▒·▒8··†····≈
········[·····▒▒···≈··≈≈
·······▒▒·▒▒▒▒▒·····≈≈≈≈
······· ·· ▒····≈≈≈≈··
······$▒▒▒ ▒··≈≈≈≈≈··<
·····▒▒ ▒····≈≈≈≈··
▒▒·····≈≈≈≈


There were no monsters in sight!

Vanquished Creatures
  A leopard gecko (D:1)
  A bat (D:1)
  3 hobgoblins (D:1)
  A kobold (D:1)
  A rat (D:1)
7 creatures vanquished.

Notes
Turn   | Place    | Note
-------+----------+-------------------------------------------
     0 | D:1      | Azzok the Demonspawn Berserker began the quest for the Orb.
     0 | D:1      | Reached XP level 1. HP: 18/18 MP: 1/1
   175 | D:1      | Gained mutation: You have sharp fingernails. [demonic
                  | ancestry]
   175 | D:1      | Reached XP level 2. HP: 24/24 MP: 2/2
   176 | D:1      | Quit the game

Illustrated notes

Levels and vault maps discovered:
D:1:      eino_arrival_water_star, layout_rooms

Skill      XL: |  1 |
---------------+----+-----
Axes           | 3 |  3.2
Fighting       | |  3.0
Armour         | |  1.7
Dodging        | |  1.7

Action                   || total
-------------------------++-------
Melee: Hand axe          ||    14
Armor: Animal skin       ||    13
Dodge: Dodged            ||    13

Table legend: (Time is in decaauts)
 A = Elapsed time spent in this place.
 B = Non-inter-level travel time spent in this place.
 C = Inter-level travel time spent in this place.
 D = Time resting spent in this place.
 E = Time spent auto-exploring this place.
 F = Levels seen in this place.
 G = Mean time per level.
                   A        B        C        D        E       F      G
               +--------+--------+--------+--------+--------+-----+--------+
         Total |    179 |    179 |      0 |      0 |    126 |   1 |  179.0 |
       Dungeon |    179 |    179 |      0 |      0 |    126 |   1 |  179.0 |
               +--------+--------+--------+--------+--------+-----+--------+

Top non-repeatable levels by time:
     D:1: 179 daAuts
